 Dungeon Crawl Stone Soup version 0.29.1-2-gbd0b4ee654 (webtiles) character file.

Game seed: 18007305970785743957

5217 qeuew the Shooter (level 10, -3/76 (77) HPs)
             Began as a Demonspawn Fighter on Nov 5, 2022.
             Was an Initiate of Qazlal.
             Slain by an orc warrior
             ... wielding the +8 long sword of Unbearable True Grit {flame, *Rage rElec rCorr Stlth+}
              (34 damage)
             ... on level 7 of the Dungeon.
             The game lasted 00:23:01 (8933 turns).

qeuew the Shooter (Demonspawn Fighter)              Turns: 8933, Time: 00:23:02

HP:   -3/76 (77)    AC: 12    Str: 22    XL:     10   Next: 35%
MP:   10/10         EV: 14    Int:  8    God:    Qazlal [......]
Gold: 459           SH: 12    Dex: 21    Spells: 9/9 levels left

rFire   . . .      SeeInvis .   a - +0 war axe
rCold   . . .      Faith    .   c - +1 buckler
rNeg    . . .      Spirit   .   b - +0 scale mail
rPois   .          Reflect  +   (no helmet)
rElec   .          Harm     .   q - +0 cloak
rCorr   .          Rampage  .   z - +1 pair of gloves
Will    .....                   l - +0 pair of boots
Stlth   ..........              g - amulet of reflection
HPRegen 0.22/turn               y - +6 ring of strength
MPRegen 0.12/turn               (no ring)

@: lightly drained
A: repulsion field 1, demonic guardian 1, powered by pain 2, weakness stinger 2,
agile 1, passive freeze, wild magic 1
a: Renounce Religion


You were on level 7 of the Dungeon.
You worshipped Qazlal.
Qazlal was noncommittal.
You visited 2 branches of the dungeon, and saw 11 of its levels.
You also visited: Sewer.

You collected 459 gold pieces.

Inventory:

Hand Weapons
 a - a +0 war axe (weapon)
 j - a +1 sling
Armour
 b - a +0 scale mail (worn)
 c - a +1 buckler (worn)
 l - a +0 pair of boots (worn)
 q - a +0 cloak (worn)
 z - a +1 pair of gloves (worn)
Jewellery
 g - an amulet of reflection (around neck)
 y - a +6 ring of strength (left hand)
Wands
 h - a wand of paralysis (2)
 t - a wand of mindburst (16) (quivered)
 B - a wand of polymorph (14)
Scrolls
 n - 2 scrolls of enchant armour
 r - a scroll of silence {unknown}
 u - a scroll of fear
 w - 3 scrolls of identify
 x - a scroll of amnesia
 A - 2 scrolls of noise {unknown}
Potions
 d - 5 potions of might
 e - 2 potions of flight
 f - 2 potions of heal wounds
 i - 2 potions of lignification {unknown}
 k - 4 potions of haste
 m - a potion of berserk rage
 o - a potion of cancellation
 p - a potion of brilliance
 s - 5 potions of curing
 v - 2 potions of mutation
 C - a potion of invisibility {unknown}


   Skills:
 + Level 6.6 Fighting
 + Level 6.8 Axes
 + Level 6.9 Ranged Weapons
 + Level 6.0 Armour
 + Level 4.5 Dodging
 + Level 5.6 Shields


You had 9 spell levels left.
You didn't know any spells.
Your spell library was empty.

Dungeon Overview and Level Annotations

Branches:
Dungeon (10/15)            Temple (1/1) D:7           Sewer (visited)
   Lair: D:8-11         Orc: D:9-12

Altars:
Cheibriados
Dithmenos
Fedhas
Gozag
Hepliaklqana
Kikubaaqudgha
Nemelex Xobeh
Okawaru
Qazlal
Ru
Trog
Uskayaw
Vehumet
Wu Jian
Xom
Yredelemnul

Shops:
D:3 [

Annotations:
D:7 2 transporters, hawla's ghost, novice MeFE


Innate Abilities, Weirdness & Mutations

You are surrounded by a mild repulsion field. (EV +2)
A weak demonic guardian rushes to your aid.
You sometimes gain power by taking damage.
You have a tail ending in a sharp stinger.
You are agile. (Dex +4, Str/Int -1)
A frigid envelope surrounds you and freezes all who hurt you.
Your spells are a little harder to cast, but a little more powerful.


Message History

A gnoll comes into view. It is wielding a +0 halberd.
The gnoll shouts!
You block the orc warrior's attack.
The orc warrior attacks as you move away!
You block the orc warrior's attack. The orc warrior closely misses you.
There is a stone staircase leading up here.
You block the orc warrior's attack.
You climb upwards.
Level annotation: 2 transporters, hawla's ghost, novice MeFE
There is a stone staircase leading down here.
You closely miss the orc warrior.
The orc warrior is lightly wounded.
The orc warrior barely misses you.
The orc warrior hits you with the +8 long sword of Unbearable True Grit {flame, *Rage rElec rCorr Stlth+}!!
The orc warrior burns you.
The orc warrior is very cold.
The orc warrior is moderately wounded.
You hit the orc warrior.
Your tail-slap misses the orc warrior.
The orc warrior is heavily wounded.
You block the orc warrior's attack. x2
You slash the orc warrior!
You tail-slap the orc warrior, but do no damage.
The orc warrior is severely wounded.
You block the orc warrior's attack.
The orc warrior hits you with the +8 long sword of Unbearable True Grit {flame, *Rage rElec rCorr Stlth+}.
The orc warrior burns you.
The orc warrior is very cold.
The orc warrior is severely wounded.
You barely miss the orc warrior.
The orc warrior is severely wounded.
You block the orc warrior's attack. x2
Unknown command.
You hit the orc warrior.
The orc warrior is severely wounded.
You block the orc warrior's attack.
Unknown command.
You slash the orc warrior!
The orc warrior is almost dead.
You block the orc warrior's attack.
The orc warrior hits you with the +8 long sword of Unbearable True Grit {flame, *Rage rElec rCorr Stlth+}!!
You die...

#.# #.# #...# #..#..#..... ####.#
#.# #.### #..#..#c.... .....# #.#
#.# #..#..##8...
..#######.####.#### #..#...#####
...##.............# #..........©
♣♣..#.########..#.####..##.......
♣...#.# #..........##.....#.
..♣.#.# #..........##...#.#.
.♣♣.#.# ##.@o..##..<........
....#.# #######.........##...###.
.♣♣)#.# #...........###.##...# #.
..♣.#.###.#####.....###.###..###.
♣...#.##...## #.....##.#.###.....
♣♣..#.#.###.###.#####.###.####...
...[)[..# #.....# ##..#..## #.##
....#.#.###.########.##.##.###.#
#####.##...###...##..#####.....#


You could see an orc warrior (berserk).

Vanquished Creatures
  Psyche (D:8)
  A troll (D:7)
  Grinder (D:6)
  A hornet (D:8)
  Grum (D:8)
  7 yaks
  A vampire mosquito (D:8)
  2 orc warriors
  A sky beast (D:8)
  A black bear (D:6)
  An ogre (D:7)
  3 wolves (D:8)
  2 centaurs (D:8)
  2 phantoms
  3 bullfrogs
  A scorpion (D:4)
  10 wights
  6 killer bees
  2 howler monkeys (D:8)
  A hound (D:4)
  2 jellies (D:7)
  3 orc priests
  Crazy Yiuf (D:7)
  Natasha (twice) (D:2)
  3 iguanas
  5 orc wizards
  A gnoll (D:1)
  3 river rats (Sewer)
  16 adders
  2 shadow imps (D:7)
  2 white imps
  2 worms
  A dart slug (D:1)
  27 orcs
  21 ball pythons
  8 endoplasms
  3 giant cockroaches
  9 goblins
  5 hobgoblins
  5 jackals
  4 kobolds
  3 quokkas (D:1)
  3 bats
  3 frilled lizards
  26 rats
208 creatures vanquished.

Vanquished Creatures (collateral kills)
  A wolf (D:8)
  A wight (D:8)
  Natasha (D:2)
  2 orcs (D:5)
  An endoplasm (Sewer)
  A ball python (Sewer)
7 creatures vanquished.

Vanquished Creatures (others)
  4 fungi (D:7)
4 creatures vanquished.

Grand Total: 219 creatures vanquished

Notes
Turn   | Place    | Note
-------+----------+-------------------------------------------
     0 | D:1      | qeuew the Demonspawn Fighter began the quest for the Orb.
     0 | D:1      | Reached XP level 1. HP: 18/18 MP: 1/1
   123 | D:1      | Gained mutation: You sometimes gain a little power by
                  | taking damage. [demonic ancestry]
   123 | D:1      | Reached XP level 2. HP: 24/24 MP: 2/2
   286 | D:1      | Reached XP level 3. HP: 26/29 MP: 3/3
  1029 | D:2      | Noticed Natasha
  1034 | D:2      | Killed Natasha
  1207 | D:2      | Gained mutation: A weak demonic guardian rushes to your
                  | aid. [demonic ancestry]
  1207 | D:2      | Reached XP level 4. HP: 32/35 MP: 4/4
  1248 | D:2      | Reached skill level 1 in Ranged Weapons
  1275 | D:2      | Noticed Natasha
  1280 | D:2      | Killed Natasha
  1467 | D:2      | Noticed Natasha
  1477 | D:2      | Killed Natasha
  1762 | D:2      | Reached XP level 5. HP: 27/41 MP: 5/5
  2052 | D:2      | Gained mutation: You are agile. (Dex +4, Str/Int -1)
                  | [potion of mutation]
  2052 | D:2      | Gained mutation: A frigid envelope surrounds you and
                  | freezes all who hurt you. [potion of mutation]
  2052 | D:2      | Gained mutation: Your spells are a little harder to cast,
                  | but a little more powerful. [potion of mutation]
  2078 | D:3      | Found a faded altar of an unknown god.
  2135 | D:3      | Found Yrror's Antique Armour Shop.
  2136 | D:3      | Found a glowing drain.
  2161 | Sewer    | Entered a sewer
  2531 | Sewer    | Gained mutation: You sometimes gain power by taking damage.
                  | [demonic ancestry]
  2531 | Sewer    | Reached XP level 6. HP: 42/48 MP: 6/6
  3691 | D:4      | Found a basalt altar of Yredelemnul.
  3712 | D:4      | Found a shadowy altar of Dithmenos.
  3748 | D:4      | Gained mutation: You have a small tail. [demonic ancestry]
  3748 | D:4      | Reached XP level 7. HP: 44/53 MP: 7/7
  4147 | D:5      | Entered Level 5 of the Dungeon
  4970 | D:6      | Noticed Grinder
  4978 | D:6      | Paralysed by Grinder for 2 turns
  4985 | D:6      | Killed Grinder
  4986 | D:6      | Reached skill level 5 in Ranged Weapons
  4986 | D:6      | Reached skill level 1 in Dodging
  5152 | D:6      | Gained mutation: You are surrounded by a mild repulsion
                  | field. (EV +2) [demonic ancestry]
  5152 | D:6      | Reached XP level 8. HP: 54/60 MP: 8/8
  5196 | D:6      | Reached skill level 5 in Axes
  6047 | D:7      | Found a transporter.
  6053 | D:7      | Noticed hawla's ghost (novice MeFE)
  6056 | D:7      | Found a transporter.
  6204 | D:7      | Noticed a troll
  6210 | D:7      | Killed a troll
  6214 | D:7      | Reached skill level 5 in Fighting
  6609 | D:7      | Found an iron altar of Okawaru.
  6893 | D:7      | You fall into a shaft and drop 3 floors!
  6893 | D:10     | Entered Level 10 of the Dungeon
  6949 | D:9      | Reached XP level 9. HP: 64/68 MP: 9/9
  7124 | D:8      | Reached skill level 5 in Armour
  7129 | D:8      | Noticed Grum
  7141 | D:8      | HP: 3/69 [wolf[Grum] (3)]
  7147 | D:8      | Reached skill level 5 in Shields
  7149 | D:8      | Killed Grum
  7497 | D:7      | Found a staircase to the Ecumenical Temple.
  7505 | Temple   | Entered the Ecumenical Temple
  7678 | Temple   | Became a worshipper of Qazlal Stormbringer
  7708 | D:7      | Gained mutation: You have a tail ending in a sharp stinger.
                  | [demonic ancestry]
  7708 | D:7      | Reached XP level 10. HP: 76/76 MP: 10/10
  7835 | D:7      | Found a runed translucent door.
  7836 | D:7      | Noticed Crazy Yiuf
  7844 | D:7      | Killed Crazy Yiuf
  7921 | D:8      | Found a sparkling altar of Nemelex Xobeh.
  7957 | D:8      | Noticed Psyche
  8623 | D:8      | Killed Psyche
  8917 | D:8      | Identified the +8 long sword of Unbearable True Grit
                  | {flame, *Rage rElec rCorr Stlth+}
  8933 | D:7      | Slain by an orc warrior

Illustrated notes

Levels and vault maps discovered:
D:1:      sevenhm_arrival_forest_fort_large_4, layout_basic,
          dreamdust_princess_bridge, minmay_heptomino_o4
D:2:      layout_rooms, minmay_tall_x, uniq_natasha
D:3:      layout_loops_cross, gup_sewer_entry_glass, basic_ecumenical_altar,
          serial_shops, shop
D:4:      layout_loops_ring, nicolae_dithmenos_through_a_glass_darkly,
          overflow_temple_1_default
D:5:      layout_loops_ring
D:6:      layout_layer_cave, uniq_grinder
D:7:      layout_loops_ring, nicolae_overflow_crystal_walls,
          mainiacjoe_overflow_small_starburst, minmay_temple_entry_statues,
          gammafunk_ghost_arena, uniq_crazy_yiuf_cottage
D:8:      minmay_clustersquares, layout_rooms,
          nemelex_xobeh_ov_fountains_minmay, uniq_psyche, uniq_grum
D:9:      layout_long_grid, mainiacjoe_overflow_24_doors
D:10:     gammafunk_worm_tunnel, layout_stronghold,
          mainiacjoe_overflow_alcove_4, mainiacjoe_overflow_catwalk,
          led_sif_book, lair_entry_dummy, hellmonk_ghost_happy_afterlife
Temple:   hellmonk_temple_forest_ring

Skill      XL: |  1  2  3  4  5  6  7  8  9 10 |
---------------+-------------------------------+-----
Armour         | 3 4 5 6 |  6.0
Axes           | 2 3 4 5 6 |  6.8
Ranged Weapons | 1 3 5 6 |  6.9
Shields        | 3 4 5 |  5.6
Fighting       | 4 5 6 |  6.6
Dodging        | 1 2 4 |  4.5

Action                   |  1- 3 |  4- 6 |  7- 9 | 10-12 || total
-------------------------+-------+-------+-------+-------++-------
Melee: War axe           |    54 |    95 |   117 |    79 ||   345
       Tailslap          |       |       |    17 |    20 ||    37
       Unarmed           |       |       |       |     5 ||     5
 Fire: Sling             |     7 |    85 |   167 |    15 ||   274
Evoke: Wand              |       |       |       |     3 ||     3
  Use: Scroll            |     4 |     5 |     3 |       ||    12
       Potion            |     3 |     4 |     3 |     2 ||    12
Armor: Scale mail        |    23 |    58 |    65 |    17 ||   163
Dodge: Dodged            |    28 |    49 |    76 |    45 ||   198
Block: Buckler           |    16 |    96 |   137 |    57 ||   306
       Reflection        |       |     4 |     7 |     5 ||    16
